 Dungeon Crawl Stone Soup version 0.26.1-2-gb8aa6d0cf2 (webtiles) character file.

Game seed: 955854423541337833

491386 infcreate the Ninja (level 23, -9/140 HPs)
             Began as a Vampire Enchanter on Mar 28, 2021.
             Was the Champion of Dithmenos.
             Killed from afar by a purple draconian monk (38 damage)
             ... with a bolt of dispelling energy
             ... on level 4 of the Depths on Mar 29, 2021.
             The game lasted 08:02:51 (67147 turns).

infcreate the Ninja (Vampire Enchanter)            Turns: 67147, Time: 08:02:51

Health: -9/140     AC:  9    Str:  4    XL:     23   Next: 88%
Magic:  11/40      EV: 36    Int: 28    God:    Dithmenos [******]
Gold:   4522       SH:  5    Dex: 30    Spells: 5/48 levels left

rFire    + . .     SeeInvis +   K - +9 dagger "Qabic" {vorpal, Str-3 Int+7}
rCold    + + +     Faith    .   (no shield)
rNeg     + + +     Spirit   .   f - +2 robe {Will+}
rPois    ∞         Reflect  +   z - +0 helmet
rElec    .         Harm     .   q - scarf {rC+ rF+}
rCorr    .         Rampage  .   Y - +0 pair of gloves (curse)
Will     +++..                  F - +2 pair of boots {Stlth+} Stlth ######****
                                B - amulet of the Worm {Reflect Dex+3 SH+5}
HPRegen  0.00/turn              L - ring of willpower
MPRegen  0.27/turn              o - ring "Totisada" {+Inv rC+ Will- Dex+6 Slay+5}

@: bloodless, wreathed by umbra, studying Dodging
A: fangs 3, see invisible, unbreathing
}: 2/15 runes: serpentine, barnacled
a: Bat Form, Revivify, Renounce Religion, Evoke Invisibility, Shadow Step,
Shadow Form


You were on level 4 of the Depths.
You worshipped Dithmenos.
Dithmenos was exalted by your worship.
You visited 9 branches of the dungeon, and saw 44 of its levels.
You visited the Abyss 1 time.
You also visited: Ice Cave and Wizlab.

You collected 6382 gold pieces.
You spent 1860 gold pieces at shops.

Inventory:

Hand Weapons
 K - the +9 dagger "Qabic" (weapon) {vorpal, Str-3 Int+7}
   (You found it on level 15 of the Dungeon)

   It inflicts extra damage upon your enemies.
   It affects your strength (-3).
   It affects your intelligence (+7).
 R - the +9 quick blade "Pohan" {vorpal, *Corrode rF++ Dex+3}
   (You acquired it on level 13 of the Dungeon)

   It inflicts extra damage upon your enemies.
   It affects your dexterity (+3).
   It greatly protects you from fire.
   It may corrode you when you take damage.
Armour
 c - +0 gold dragon scales
 f - a +2 robe of willpower (worn)
 q - a scarf of resistance (worn)
 z - a +0 helmet (worn)
 F - a +2 pair of boots of stealth (worn)
 V - a scarf of repulsion
 Y - a cursed +0 pair of gloves (worn)
Jewellery
 h - a +6 ring of dexterity
 k - a +6 ring of strength
 o - the ring "Totisada" (right hand) {+Inv rC+ Will- Dex+6 Slay+5}
   (You found it on level 2 of the Depths)

   [ring of dexterity]

   It affects your dexterity (+6).
   It affects your accuracy and damage with ranged weapons and melee attacks
   (+5).
   It protects you from cold.
   It affects your willpower, your defense against some magical effects.
   It lets you turn invisible.
 t - a +4 ring of evasion
 B - the amulet of the Worm (around neck) {Reflect Dex+3 SH+5}
   (You found it on level 3 of the Elven Halls)

   [amulet of reflection]

   It shields you and reflects attacks.
   It affects your dexterity (+3).
   It affects your SH (+5).
 L - a ring of willpower (left hand)
 M - a +4 ring of protection
 S - an uncursed ring of resist corrosion
Wands
 n - a wand of iceblast (25)
 p - a wand of disintegration (56)
 u - a wand of polymorph (20)
 v - a wand of digging (17)
 Q - a wand of random effects (104)
 U - a wand of flame (75)
 X - a wand of enslavement (6)
Scrolls
 i - 5 scrolls of enchant armour
 m - 17 scrolls of identify
 r - 10 scrolls of amnesia
 s - 4 scrolls of enchant weapon
 w - 2 scrolls of silence
 y - 13 scrolls of remove curse
 D - 4 scrolls of magic mapping
 E - a scroll of torment
 G - 2 scrolls of vulnerability
 I - 15 scrolls of teleportation
 J - 7 scrolls of fear
 O - 6 scrolls of fog
 T - a scroll of summoning
Potions
 a - 2 potions of magic
 b - 11 potions of mutation
 d - 4 potions of resistance
 e - 5 potions of heal wounds
 g - 17 potions of curing
 j - 8 potions of haste
 l - 5 potions of brilliance
 A - 3 potions of might
 C - 7 potions of attraction
 H - 2 potions of invisibility
 N - 5 potions of ambrosia
 W - 2 potions of flight
Books
 P - a manual of Dodging


   Skills:
 + Level 13.1 Fighting
 * Level 22.2 Short Blades
 * Level 22.1 Dodging
 O Level 27 Stealth
 + Level 13.2 Spellcasting
 * Level 25.3 Hexes
 * Level 2.6 Necromancy


You had 5 spell levels left.
You knew the following spells:

 Your Spells              Type           Power        Failure   Level
a - Corona                Hex            100%         0%          1
b - Ensorcelled Hibernat  Hex/Ice        100%         1%          2
c - Confusing Touch       Hex            100%         0%          3
d - Tukima's Dance        Hex            100%         0%          3
e - Dazzling Flash        Conj/Hex       100%         1%          3
f - Invisibility          Hex            100%         0%          6
g - Cause Fear            Hex            51%          0%          4
h - Leda's Liquefaction   Hex/Erth       37%          1%          4
i - Discord               Hex            51%          1%          8
j - Yara's Violent Unrav  Hex/Tmut       37%          1%          5
k - Fulminant Prism       Conj/Hex       37%          1%          4

Your spell library contained the following spells:

 Spells                   Type           Power        Failure   Level
 Slow                     Hex            100%         0%          2
 Animate Skeleton         Necr           66%          1%          1
 Pain                     Necr           100%         1%          1
 Inner Flame              Hex/Fire       74%          1%          3
 Portal Projectile        Hex/Tloc       100%         1%          3
 Summon Guardian Golem    Hex/Summ       74%          1%          3
 Metabolic Englaciation   Hex/Ice        37%          1%          5
 Silence                  Hex/Air        37%          1%          5
 Summon Mana Viper        Hex/Summ       74%          1%          5
 Apportation              Tloc           36%          3%          1
 Beastly Appendage        Tmut           36%          3%          1
 Magic Dart               Conj           72%          3%          1
 Sandblast                Erth           36%          3%          1
 Summon Small Mammal      Summ           72%          3%          1
 Vampiric Draining        Necr           16%          3%          3
 Blink                    Tloc           N/A          4%          2
 Call Imp                 Summ           18%          4%          2
 Passwall                 Tmut/Erth      15%          4%          2
 Searing Ray              Conj           36%          4%          2
 Wereblood                Tmut           18%          4%          2
 Call Canine Familiar     Summ           18%          9%          3
 Conjure Flame            Conj/Fire      18%          9%          3
 Gell's Gravitas          Tloc           9%           9%          3
 Lesser Beckoning         Tloc           9%           9%          3
 Mephitic Cloud           Conj/Pois/Air  18%          9%          3
 Spider Form              Tmut/Pois      9%           9%          3
 Static Discharge         Conj/Air       18%          9%          3
 Animate Dead             Necr           16%          10%         4
 Agony                    Necr           33%          26%         5
 Airstrike                Air            9%           28%         4
 Ice Form                 Ice/Tmut       18%          28%         4
 Iskenderun's Mystic Bla  Conj/Tloc      18%          28%         4
 Petrify                  Tmut/Erth      18%          28%         4
 Summon Ice Beast         Ice/Summ       18%          28%         4
 Summon Lightning Spire   Summ/Air       18%          28%         4
 Borgnjor's Vile Clutch   Necr/Erth      12%          43%         5
 Alistair's Intoxication  Tmut/Pois      12%          63%         5
 Blade Hands              Tmut           9%           63%         5
 Bolt of Magma            Conj/Fire/Erth 9%           63%         5
 Irradiate                Conj/Tmut      9%           63%         5
 Iskenderun's Battlesphe  Conj           18%          63%         5
 Lightning Bolt           Conj/Air       9%           63%         5
 Summon Demon             Summ           9%           63%         5
 Summon Forest            Summ/Tloc      9%           63%         5
 Hydra Form               Tmut           9%           99%         6
 Iron Shot                Conj/Erth      9%           99%         6
 Shadow Creatures         Summ           N/A          99%         6
 Statue Form              Tmut/Erth      12%          99%         6
 Dragon Form              Tmut           9%           100%        7
 Malign Gateway           Summ/Tloc      9%           100%        7
 Orb of Destruction       Conj           9%           100%        7
 Spellforged Servitor     Conj/Summ      9%           100%        7
 Summon Hydra             Summ           9%           100%        7
 Ignition                 Fire           9%           100%        8
 Lehudib's Crystal Spear  Conj/Erth      9%           100%        8
 Shatter                  Erth           9%           100%        9
 Tornado                  Air            9%           100%        9


Dungeon Overview and Level Annotations

Branches:
Dungeon (15/15)            Temple (1/1) D:7            Lair (6/6) D:11
 Shoals (4/4) Lair:3        Snake (4/4) Lair:2        Slime (0/5) Lair:6
    Orc (2/2) D:9             Elf (3/3) Orc:2        Vaults (4/5) D:13
  Crypt (0/3) Vaults:2     Depths (5/5) D:15          IceCv (visited)
 WizLab (visited)
    Zot: Depths:5

Altars:
Ashenzari
Cheibriados
Dithmenos
Elyvilon
Fedhas
Gozag
Hepliaklqana
Kikubaaqudgha
Makhleb
Nemelex Xobeh
Okawaru
Qazlal
Ru
Sif Muna
Trog
Uskayaw
Vehumet
Wu Jian
Xom
Yredelemnul
Zin
The Shining One
Beogh

Shops:
D:4 !(   D:11 ?   D:15 [   Orc:2 *[!:   Elf:2 [   Elf:3 *:?}   Shoals:1 (
Snake:3 =}   Snake:4 =   Vaults:1 *(

Portals:
Hell: Depths:1 Depths:2 Depths:3 Depths:4
Abyss: Depths:4
Pandemonium: Orc:2 Depths:3 Depths:4
Ziggurat: Depths:4
Trove: D:14 (give +3 gold dragon scales)

Annotations:
D:5 2 transporters, aaeveom's ghost, novice MiBe
Shoals:3 Mara
Snake:1 Jaiteiro's ghost, adept FoFi
Vaults:3 Boris


Innate Abilities, Weirdness & Mutations

You do not regenerate when monsters are visible.
You are frail without blood (-20% HP).
You can heal yourself when you bite living creatures.
You are immune to poison.
You have razor-sharp teeth.
You have supernaturally acute eyesight. (SInv)
You can survive without breathing.


Message History

The purple draconian monk tail-slaps you.
Casting: Dazzling Flash (safe; 1% risk of failure)
Confirm with . or Enter, or press ? or * to list all spells.
The purple draconian monk breathes dispelling energy at you.
The bolt of dispelling energy hits you!!!
Your magical effects are unravelling.
* * * LOW HITPOINT WARNING * * *
You feel much better.
Your hands stop glowing.
The purple draconian monk barely misses you.
The purple draconian monk completely misses you. x2
As you read the scroll of teleportation, it crumbles to dust.
You feel strangely unstable.
You block the purple draconian monk's attack.
The purple draconian monk barely misses you.
The purple draconian monk completely misses you.
The purple draconian monk breathes dispelling energy at you.
The bolt of dispelling energy hits you!!!
You feel strangely stable.
You die...

## #.^.)# #.........#
####....# #.........#
#8##....# #.........#
..##....# #.........#
..##....# #.§§......#
..##....# #§§.......#
#'##....# #§>.§.....#
#.##....# ######§.§§.....#
#[##....# #..@§q.§§......#
[.##....######.####§§§§.....#
..##....'.........#..§......#
..##....#########.#.........#
..##....# #.#.........#####
..####### #.##'###.........
..# #.##.#.'......... ..#
#.##.#)#.......## ..#
#.##.#.#.....###.


You could see a purple draconian monk (catching breath).

Vanquished Creatures
  Mennas (Vaults:2)
  A juggernaut (Depths:2)
  A royal mummy (Depths:3)
  Bai Suzhen (Depths:1)
  Frederick (Depths:4)
  The ghost of Jaiteiro the Hoplite, a veteran MiFi of Uskayaw (Elf:3)
  3 golden dragons
  Nikola (Vaults:2)
  Jory (Depths:5)
  A bone dragon (Depths:4)
  Jorgrun (D:13)
  A tentacled monstrosity (Depths:2)
  4 deep elf blademasters (Elf:3)
  A moon troll (WizLab)
  A lich (Depths:2)
  2 quicksilver dragons
  6 tentacled starspawn
  3 sphinxes
  2 krakens
  Kirke (D:12)
  9 nagarajas
  2 shadow dragons (Depths:2)
  4 tengu reavers
  7 fire giants
  9 frost giants
  An orc warlord (Orc:2)
  Aizul (Snake:1)
  7 deep elf sorcerers
  8 vault wardens
  An iron dragon (Depths:2)
  A cacodemon (WizLab)
  2 deep elf elementalists (Elf:3)
  5 ironheart preservers
  A war gargoyle (WizLab)
  18 very ugly things
  23 stone giants
  A black draconian (Depths:5)
  2 vampire knights
  An entropy weaver (Vaults:4)
  10 deep elf annihilators
  A spark wasp (Depths:2)
  6 deep elf death magi
  4 merfolk javelineers (Shoals:4)
  7 statues (Depths:4)
  2 crystal guardians
  8 ettins
  10 fire dragons
  9 yaktaur captains
  7 ogre magi
  5 merfolk impalers
  2 jiangshi (Depths:1)
  12 great orbs of eyes
  6 boulder beetles
  4 deep elf high priests (Elf:3)
  2 merfolk avatars
  9 hydras
  10 ice dragons
  2 vault guards (Vaults:1)
  19 naga warriors
  3 rakshasas
  5 spriggan air magi
  2 satyrs (Shoals:3)
  A catoblepas (Shoals:2)
  An alligator (shapeshifter) (Elf:3)
  A death knight (Vaults:4)
  19 anacondas
  8 merfolk aquamancers
  13 centaur warriors
  21 two-headed ogres
  3 hell hogs (Depths:1)
  5 tengu warriors
  7 orc high priests (Orc:2)
  26 dancing weapons
  4 deep troll earth magi
  A deep troll shaman (Depths:4)
  5 death yaks (Lair:3)
  3 vampire magi
  6 shock serpents
  3 naga sharpshooters (Snake:4)
  A titan zombie (Depths:3)
  A spriggan berserker (Depths:3)
  22 deep elf knights
  Nergalle (Lair:1)
  6 salamander mystics
  A sixfirhy (Depths:4)
  5 hell knights (Depths:1)
  A wretched star (WizLab)
  4 skeletal warriors
  2 shadow wraiths (Vaults:4)
  An orange crystal statue (WizLab)
  A sea snake (shapeshifter) (Vaults:4)
  A shadow demon (Abyss:3)
  12 deep trolls
  11 sea snakes
  A golden dragon zombie (Depths:3)
  4 unseen horrors
  8 glowing orange brains
  8 wizards
  5 naga ritualists
  4 flayed ghosts
  A gelid demonspawn (Depths:4)
  A torturous demonspawn (Orc:2)
  An infernal demonspawn (Orc:2)
  A phantasmal warrior (Vaults:4)
  5 lindwurms
  16 deep elf archers
  2 harpies (shapeshifter)
  A shadow dragon zombie (Depths:3)
  A sphinx zombie (Depths:3)
  A necromancer (Vaults:4)
  10 ironbrand convokers
  5 wolf spiders
  38 harpies
  15 orc knights
  6 orc sorcerers
  34 ugly things
  A tengu zombie (Depths:3)
  An orb spider (shapeshifter) (Vaults:3)
  59 deep elf magi
  6 mana vipers
  8 salamanders
  14 manticores
  5 cyclopes
  A manticore (shapeshifter) (D:15)
  6 fauns
  8 oklob plants
  3 elf zombies (Depths:3)
  2 guardian serpents (shapeshifter) (Depths:2)
  13 merfolk sirens
  2 frost giant zombies (Depths:3)
  A moth of wrath (shapeshifter) (Elf:3)
  14 guardian serpents
  A dire elephant zombie (Abyss:3)
  7 eyes of devastation (WizLab)
  4 water nymphs
  2 spriggan zombies (Depths:3)
  46 black mambas
  A torpor snail (Lair:6)
  7 vault sentinels
  23 naga magi
  A cane toad (shapeshifter) (Vaults:4)
  25 cane toads
  2 kobold demonologists
  3 gargoyles
  A hellion (Depths:4)
  3 centaur skeletons
  2 efreet
  A hellwing (Depths:4)
  6 rime drakes
  5 komodo dragons
  29 yaktaurs
  5 ice devils
  35 merfolk
  6 freezing wraiths
  3 guardian mummies (Depths:3)
  16 polar bears
  3 tengu conjurers
  A jumping spider (Vaults:4)
  6 meliai
  4 wind drakes
  A wind drake (shapeshifter) (Depths:1)
  A jumping spider (shapeshifter) (Elf:3)
  3 hornets
  3 trolls
  Prince Ribbit (D:6)
  A wolf spider simulacrum (D:12)
  A blink frog (shapeshifter) (Vaults:2)
  A troll (shapeshifter) (Vaults:4)
  4 raiju (Lair:6)
  8 snapping turtles
  11 blink frogs
  A large abomination (Abyss:3)
  9 slime creatures (Vaults:2)
  6 dream sheep
  2 centaur simulacra (D:12)
  2 air elementals
  5 redbacks
  2 shadows
  2 ynoxinuls
  28 water elementals
  17 wyverns
  52 yaks
  A redback (shapeshifter) (Elf:1)
  14 humans (D:13)
  A fire elemental (Elf:3)
  A human (shapeshifter) (Depths:4)
  2 steam dragons
  5 basilisks
  3 neqoxecs
  A chaos spawn (Orc:2)
  6 vampire mosquitoes
  Menkaure (D:4)
  13 wargs
  3 acid dragons
  45 nagas
  A water moccasin (shapeshifter) (Depths:1)
  20 hell hounds
  22 water moccasins
  5 small abominations
  A floating eye (Depths:2)
  A floating eye (shapeshifter) (Depths:2)
  46 orc warriors
  6 sky beasts
  20 ice beasts
  An ogre (shapeshifter) (Vaults:3)
  18 black bears
  5 boggarts
  A necrophage (D:13)
  An eye of draining (D:13)
  28 ogres
  2 phantoms
  26 wolves
  15 centaurs
  8 big kobolds
  19 bullfrogs
  3 earth elementals
  A wyvern skeleton (D:9)
  21 killer bees
  4 scorpions
  12 wights
  An orc simulacrum (Vaults:2)
  6 howler monkeys
  An electric eel (D:12)
  3 bullfrog zombies
  2 centaur zombies
  2 quasits
  A human simulacrum (Vaults:2)
  5 starcursed masses
  10 hounds
  3 jellies
  A bullfrog skeleton (D:5)
  30 orc priests
  5 iguanas
  17 orc wizards
  8 worker ants
  A bullfrog simulacrum (D:12)
  A hound skeleton (D:4)
  6 mummies (Depths:3)
  4 gnolls
  A worker ant zombie (D:5)
  9 adders
  A shadow imp (D:8)
  5 white imps
  6 ufetubi
  3 adder skeletons
  An adder zombie (D:5)
  A worm (D:3)
  A dart slug (D:1)
  8 leopard geckos
  101 orcs
  A ball python (D:2)
  2 giant cockroaches
  4 goblins
  4 hobgoblins
  13 jackals
  6 quokkas
  A ball python zombie (D:6)
  12 bats
  6 frilled lizards
  A giant cockroach zombie (D:5)
  A jackal zombie (D:3)
  24 kobolds
  A quokka skeleton (D:8)
  5 rats (D:1)
  3 crawling corpses (Elf:3)
  4 fire vortices (Depths:4)
  2 starspawn tentacles (WizLab)
1917 creatures vanquished.

Vanquished Creatures (collateral kills)
  A deep elf sorcerer (Elf:3)
  7 very ugly things
  2 deep elf demonologists (Elf:3)
  3 deep elf annihilators (Elf:3)
  A great orb of eyes (Depths:3)
  A deep elf high priest (Elf:3)
  6 ugly things
  A black mamba (Snake:2)
  A blink frog (Lair:5)
  A neqoxec (WizLab)
  An ogre (D:7)
  A boggart (Depths:1)
  A big kobold (D:8)
  A bullfrog (D:8)
  A wight (D:8)
29 creatures vanquished.

Vanquished Creatures (others)
  A deep elf sorcerer (Elf:3)
  A very ugly thing (Depths:3)
  2 deep elf demonologists (Elf:3)
  A deep elf annihilator (Elf:3)
  2 deep elf high priests (Elf:3)
  A naga warrior (Snake:4)
  A vampire mage (Depths:1)
  A deep elf knight (Elf:3)
  2 yaktaurs
  A human (D:12)
  4 dancing weapons
  A boggart (Depths:1)
  A kobold (D:12)
  6 demonic plants (WizLab)
  8 fulminant prisms
  59 fungi
  212 plants
  9 starspawn tentacles
  27 tentacles (Shoals:4)
340 creatures vanquished.

Grand Total: 2286 creatures vanquished

Notes
Turn   | Place    | Note
-------+----------+-------------------------------------------
     0 | D:1      | infcreate the Vampire Enchanter began the quest for the
                  | Orb.
     0 | D:1      | Reached XP level 1. HP: 13/13 MP: 3/3
   173 | D:1      | Reached XP level 2. HP: 15/15 MP: 5/5
   188 | D:1      | Learned a level 2 spell: Ensorcelled Hibernation
   494 | D:1      | Reached XP level 3. HP: 20/20 MP: 6/6
   679 | D:1      | Reached skill level 5 in Stealth
  1176 | D:2      | Reached skill level 5 in Hexes
  1435 | D:2      | Reached XP level 4. HP: 24/24 MP: 7/7
  1565 | D:2      | Learned a level 3 spell: Confusing Touch
  2095 | D:3      | Reached XP level 5. HP: 28/28 MP: 8/8
  2132 | D:3      | Reached skill level 1 in Fighting
  2792 | D:3      | Noticed a phantom
  2860 | D:3      | Killed a phantom
  2861 | D:3      | Reached skill level 6 in Stealth
  2994 | D:4      | Reached XP level 6. HP: 34/34 MP: 9/9
  3135 | D:4      | Found a sparkling altar of Nemelex Xobeh.
  3175 | D:4      | Noticed Menkaure
  3176 | D:4      | Killed Menkaure
  3196 | D:4      | Found Uput's Weapon Shoppe.
  3530 | D:4      | Found Muazxeh's Distillery.
  3734 | D:4      | Found the +5 demon whip "Spellbinder" {antimagic, Will+}
  3832 | D:5      | Entered Level 5 of the Dungeon
  3842 | D:5      | Reached XP level 7. HP: 37/39 MP: 4/11
  3900 | D:5      | Learned a level 3 spell: Tukima's Dance
  4019 | D:5      | Reached skill level 7 in Stealth
  4233 | D:5      | Found a glowing silver altar of Zin.
  4474 | D:5      | Noticed aaeveom's ghost (novice MiBe)
  4477 | D:5      | Found a transporter.
  4530 | D:5      | Noticed a two-headed ogre
  4546 | D:5      | Found a transporter.
  5521 | D:6      | Found an ancient bone altar of Kikubaaqudgha.
  5541 | D:6      | Found a radiant altar of Vehumet.
  5551 | D:6      | Found a white marble altar of Elyvilon.
  5717 | D:6      | Noticed Prince Ribbit
  5724 | D:6      | Killed Prince Ribbit
  5725 | D:6      | Reached skill level 5 in Dodging
  5725 | D:6      | Reached skill level 8 in Stealth
  5725 | D:6      | Reached XP level 8. HP: 45/45 MP: 12/12
  6101 | D:6      | Found a basalt altar of Yredelemnul.
  6281 | D:7      | Found a staircase to the Ecumenical Temple.
  6290 | Temple   | Entered the Ecumenical Temple
  6506 | Temple   | Became a worshipper of Dithmenos the Shadowed
  6622 | D:7      | Found a broken altar of Ashenzari.
  6622 | D:7      | Found a burning altar of Makhleb.
  6628 | D:7      | Found a faded altar of an unknown god.
  6631 | D:7      | Found a bloodstained altar of Trog.
  6633 | D:7      | Found a sacrificial altar of Ru.
  6916 | D:7      | Reached skill level 5 in Short Blades
  7129 | D:7      | Found a snail-covered altar of Cheibriados.
  7171 | D:7      | Reached skill level 9 in Stealth
  7935 | D:8      | Reached XP level 9. HP: 51/51 MP: 14/14
  8056 | D:8      | Reached * piety under Dithmenos
  8083 | D:8      | Found an ornate altar of the Wu Jian Council.
  8439 | D:8      | Learned a level 3 spell: Dazzling Flash
  8643 | D:8      | Learned a level 2 spell: Slow
  8845 | D:8      | Reached skill level 10 in Stealth
  8954 | D:9      | Reached ** piety under Dithmenos
  9232 | D:9      | Noticed a two-headed ogre
  9241 | D:9      | Killed a two-headed ogre
  9242 | D:9      | Reached skill level 10 in Hexes
  9402 | D:9      | Found a staircase to the Orcish Mines.
  9408 | D:9      | Reached XP level 10. HP: 56/56 MP: 16/16
  9484 | D:9      | Reached skill level 11 in Stealth
  9577 | D:10     | Entered Level 10 of the Dungeon
  9844 | D:10     | Noticed an unseen horror
  9857 | D:10     | Killed an unseen horror
  9999 | D:10     | Noticed a manticore
 10577 | D:10     | Reached *** piety under Dithmenos
 10694 | D:10     | Killed a manticore
 10746 | D:11     | Noticed a manticore
 10753 | D:11     | Killed a manticore
 10754 | D:11     | Reached skill level 12 in Stealth
 10790 | D:11     | Reached skill level 5 in Spellcasting
 10825 | D:11     | Noticed a gargoyle
 10826 | D:11     | Noticed a cyclops
 10990 | D:11     | Found Leolisao's Magic Scroll Boutique.
 11074 | D:11     | Noticed a gargoyle
 11113 | D:11     | Killed a gargoyle
 11319 | D:11     | Noticed a manticore
 11329 | D:11     | Killed a manticore
 11330 | D:11     | Reached XP level 11. HP: 62/62 MP: 18/18
 11665 | D:11     | Found a staircase to the Lair.
 12053 | Lair:1   | Entered Level 1 of the Lair of Beasts
 12053 | Lair:1   | Noticed Nergalle
 12062 | Lair:1   | Killed Nergalle
 12063 | Lair:1   | Reached skill level 5 in Fighting
 12183 | Lair:1   | Reached skill level 13 in Stealth
 12353 | Lair:1   | Found a hazy altar of Hepliaklqana.
 12602 | Lair:1   | Noticed a seven-headed hydra
 12908 | Lair:1   | Killed a seven-headed hydra
 13057 | Lair:2   | Found a staircase to the Snake Pit.
 13544 | Lair:2   | Noticed a four-headed hydra
 13564 | Lair:2   | Killed a four-headed hydra
 13738 | Lair:2   | Noticed an oklob plant
 13743 | Lair:2   | Noticed an oklob plant
 13745 | Lair:2   | Killed an oklob plant
 13746 | Lair:2   | Reached skill level 10 in Dodging
 13746 | Lair:2   | Noticed an oklob plant
 13757 | Lair:2   | Reached XP level 12. HP: 68/68 MP: 17/20
 13947 | Lair:2   | Reached skill level 14 in Stealth
 13965 | Lair:2   | Reached **** piety under Dithmenos
 14273 | Lair:3   | Reached skill level 10 in Short Blades
 14995 | Lair:3   | Noticed a six-headed hydra
 15014 | Lair:3   | Killed a six-headed hydra
 15533 | Lair:3   | Found a staircase to the Shoals.
 15538 | Lair:3   | Reached skill level 15 in Stealth
 15689 | Lair:3   | Noticed a death yak
 15689 | Lair:3   | Noticed a death yak
 15689 | Lair:3   | Noticed a death yak
 15693 | Lair:3   | Noticed a death yak
 15693 | Lair:3   | Noticed a death yak
 15709 | Lair:3   | Killed a death yak
 15716 | Lair:3   | Killed a death yak
 15722 | Lair:3   | Killed a death yak
 16273 | Lair:4   | Reached XP level 13. HP: 75/75 MP: 21/23
 16424 | Lair:4   | Reached ***** piety under Dithmenos
 17434 | Lair:5   | Reached skill level 16 in Stealth
 17747 | Lair:5   | Reached skill level 15 in Hexes
 17998 | Lair:6   | Entered Level 6 of the Lair of Beasts
 18090 | Lair:6   | Found a staircase to the Slime Pits.
 19432 | Lair:6   | Reached XP level 14. HP: 63/82 MP: 14/25
 19707 | Lair:6   | Reached ****** piety under Dithmenos
 20346 | Lair:6   | Reached skill level 17 in Stealth
 21371 | Lair:6   | Got a twisted robe
 21377 | Lair:6   | Identified a scroll of acquirement
 21377 | Lair:6   | Acquired a book of Debilitation
 21384 | Lair:6   | Learned a level 4 spell: Cause Fear
 21407 | Lair:6   | Identified the +1 robe of the Salmon {Will- Regen+ Dex+3}
                  | (You found it on level 6 of the Lair of Beasts)
 21657 | D:12     | Found a frozen archway.
 21685 | IceCv    | Entered an ice cave
 21760 | IceCv    | Learned a level 4 spell: Leda's Liquefaction
 22332 | IceCv    | Got a glittering sapphire amulet
 22344 | IceCv    | Identified the amulet "Goskadgh" {rN+ Regen+ Str+2} (You
                  | found it in an ice cave)
 22747 | D:12     | You fall into a shaft and drop 3 floors!
 22747 | D:15     | Entered Level 15 of the Dungeon
 23154 | D:13     | Noticed Jorgrun
 23273 | D:13     | Found a gate to the Vaults.
 23862 | D:12     | Reached skill level 18 in Stealth
 23890 | D:12     | Noticed Kirke
 23902 | D:12     | Killed Kirke
 23903 | D:12     | Reached XP level 15. HP: 88/88 MP: 6/27
 24568 | D:13     | Killed Jorgrun
 25397 | D:14     | Found a portal to a secret trove of treasure.
 25432 | D:14     | You fall into a shaft and drop 1 floor!
 25489 | D:15     | Found a staircase to the Depths.
 26625 | D:15     | Got a pitted dagger
 26626 | D:15     | Identified the +9 dagger "Qabic" {vorpal, Str-3 Int+7} (You
                  | found it on level 15 of the Dungeon)
 26735 | D:15     | Found Labruvou's Antique Armour Shoppe.
 27092 | Orc:1    | Entered Level 1 of the Orcish Mines
 27109 | Orc:1    | Reached skill level 19 in Stealth
 27166 | Orc:1    | Found a roughly hewn altar of Beogh.
 27481 | Orc:2    | Entered Level 2 of the Orcish Mines
 27573 | Orc:2    | Found a staircase to the Elven Halls.
 27730 | Orc:2    | Noticed an orc warlord
 28036 | Orc:2    | Killed an orc warlord
 28525 | Orc:2    | Found Hawehoch's Distillery.
 28872 | Orc:2    | Found Zefohis's General Store.
 29263 | Orc:2    | Reached XP level 16. HP: 94/94 MP: 15/28
 29537 | Orc:2    | Found Duch's Antique Armour Boutique.
 29537 | Orc:2    | Found Piomieh's Book Shop.
 29671 | Orc:2    | Found a one-way gate leading to the halls of Pandemonium.
 29749 | Orc:2    | Bought a book of Misfortune for 360 gold pieces
 29755 | Orc:2    | Learned a level 5 spell: Metabolic Englaciation
 29761 | Orc:2    | Learned a level 5 spell: Yara's Violent Unravelling
 30063 | Shoals:1 | Entered Level 1 of the Shoals
 30399 | Shoals:1 | Found Huxtamuo's Antique Weapon Shoppe.
 30535 | Shoals:1 | Found a broken altar of Ashenzari.
 32286 | Shoals:3 | Reached skill level 20 in Stealth
 32916 | Shoals:3 | Reached skill level 15 in Dodging
 33347 | Shoals:3 | Noticed Mara
 33359 | Shoals:3 | Noticed infcreate's illusion
 33612 | Shoals:3 | Noticed infcreate's illusion
 34025 | Shoals:3 | Noticed a kraken
 34034 | Shoals:3 | Killed a kraken
 34339 | Shoals:3 | Reached XP level 17. HP: 100/100 MP: 21/30
 34567 | Shoals:3 | Reached skill level 15 in Short Blades
 34696 | Shoals:4 | Entered Level 4 of the Shoals
 35036 | Shoals:4 | Noticed a kraken
 35279 | Shoals:4 | Killed a kraken
 35287 | Shoals:4 | Got a barnacled rune of Zot
 35951 | Shoals:4 | Reached skill level 21 in Stealth
 36174 | Shoals:4 | Noticed a kraken
 36426 | Shoals:3 | Noticed infcreate's illusion
 36572 | Snake:1  | Entered Level 1 of the Snake Pit
 37094 | Snake:1  | Reached skill level 10 in Spellcasting
 37188 | Snake:1  | Found a transporter.
 37190 | Snake:1  | Found a transporter.
 37190 | Snake:1  | Noticed Jaiteiro's ghost (adept FoFi)
 37962 | Snake:1  | Noticed Aizul
 37968 | Snake:1  | Killed Aizul
 38316 | Snake:2  | Reached skill level 10 in Fighting
 38515 | Snake:2  | Reached XP level 18. HP: 76/107 MP: 18/32
 39359 | Snake:3  | Found Neurch's Jewellery Emporium.
 39359 | Snake:3  | Found Bivoun's Gadget Boutique.
 39360 | Snake:3  | Found Loush's Gadget Boutique.
 39506 | Snake:4  | Entered Level 4 of the Snake Pit
 39531 | Snake:4  | Found Qiguciho's Jewellery Shoppe.
 40340 | Snake:4  | Reached skill level 22 in Stealth
 41631 | Snake:4  | Got a serpentine rune of Zot
 42474 | Vaults:1 | Entered Level 1 of the Vaults
 42545 | Vaults:1 | Reached XP level 19. HP: 113/113 MP: 33/33
 42620 | Vaults:1 | Found Bomir's Antique Weapon Shop.
 43312 | Vaults:1 | Found Sedud's General Store.
 43535 | Vaults:1 | Found a shadowy altar of Dithmenos.
 44838 | Vaults:2 | Noticed Mennas
 44840 | Vaults:2 | Killed Mennas
 44841 | Vaults:2 | Reached skill level 23 in Stealth
 45040 | Vaults:2 | Found a staircase to the Crypt.
 45673 | Vaults:2 | Noticed Nikola
 46567 | Vaults:2 | Killed Nikola
 47412 | Vaults:3 | Reached XP level 20. HP: 120/120 MP: 24/35
 48097 | Vaults:3 | Noticed Boris
 49054 | Vaults:3 | Found an iron altar of Okawaru.
 50877 | Vaults:4 | Reached skill level 24 in Stealth
 51634 | D:13     | Acquired the +9 quick blade "Pohan" {vorpal, *Corrode rF++
                  | Dex+3}
 51703 | Elf:1    | Entered Level 1 of the Elven Halls
 53776 | Elf:2    | Found Cyfaew's Antique Armour Shoppe.
 53898 | Elf:2    | Got a slimy falchion
 53901 | Elf:2    | Identified the +7 falchion of the Gloaming {venom, Dex+3
                  | Stlth+} (You found it on level 2 of the Elven Halls)
 54129 | Elf:2    | Found a huge runed translucent gate.
 54129 | Elf:2    | Found a huge runed translucent gate.
 54129 | Elf:2    | Found a huge runed translucent gate.
 54129 | Elf:2    | Found a huge runed translucent gate.
 54130 | Elf:2    | Found a huge runed translucent gate.
 54135 | Elf:2    | Reached XP level 21. HP: 111/126 MP: 36/36
 54671 | Elf:2    | Cast into level 3 of the Abyss (+3 bardiche of distortion)
 54729 | Abyss:3  | Found a corrupted altar of Lugonu.
 54733 | Abyss:3  | Found an opulent altar of Gozag.
 55322 | Elf:2    | Escaped the Abyss
 55900 | Elf:3    | Entered Level 3 of the Elven Halls
 55904 | Elf:3    | Found Siqusare's Gadget Emporium.
 55978 | Elf:3    | Found a runed translucent door.
 55985 | Elf:3    | Noticed Jaiteiro's ghost (veteran MiFi)
 55994 | Elf:3    | Killed Jaiteiro's ghost
 55997 | Elf:3    | Got a coiled golden amulet
 55998 | Elf:3    | Identified the amulet of the Worm {Reflect Dex+3 SH+5} (You
                  | found it on level 3 of the Elven Halls)
 56593 | Elf:3    | Found Mutuck's Magic Scroll Shoppe.
 56618 | Elf:3    | Found Rybuof's Book Shop.
 56620 | Elf:3    | Found Gililet's General Store.
 56624 | Elf:3    | Bought a book of Party Tricks for 750 gold pieces
 56624 | Elf:3    | Bought a book of Hexes for 750 gold pieces
 56633 | Elf:3    | Learned a level 6 spell: Invisibility
 56642 | Elf:3    | Learned a level 8 spell: Discord
 57110 | Elf:3    | Identified the +10 plate armour of Snakes and Ladders
                  | {Int+4 Dex-2 Slay+6}
 57480 | Elf:3    | Identified the amulet of Insomnia {Spirit *Drain Int+4
                  | Dex+4}
 58080 | Elf:3    | Reached skill level 25 in Stealth
 58214 | Elf:3    | Identified the +8 flail "Zuha" {drain, rElec rF+ rC-}
 58385 | Elf:3    | Identified the +1 chain mail "Ximeinall" {+Blink MP+9}
 58889 | Elf:3    | Identified the Compendium of Supportive Feathers
 58928 | Elf:3    | Identified the Collected Works on the Ashen Escort
 58964 | Elf:3    | Learned a level 4 spell: Fulminant Prism
 59242 | Depths:1 | Entered Level 1 of the Depths
 59485 | Depths:1 | Noticed Bai Suzhen
 59502 | Depths:1 | Found a magical portal.
 59507 | WizLab   | Entered Lehudib's Moon Base
 60300 | WizLab   | Reached XP level 22. HP: 104/132 MP: 12/38
 60799 | WizLab   | Found a transporter.
 60808 | WizLab   | Got a pair of spiked gloves
 60809 | WizLab   | Identified the +0 pair of gloves of the Past {rPois rC++
                  | Stlth-} (You found it in a wizard's laboratory)
 60992 | WizLab   | Found a transporter.
 61100 | WizLab   | Identified Lehudib's Papyrus of Harmful Clay
 61184 | Depths:1 | Killed Bai Suzhen
 61361 | Depths:1 | Found a gateway to Hell.
 61654 | Depths:1 | Noticed a golden dragon
 61657 | Depths:1 | Killed a golden dragon
 61666 | Depths:1 | Noticed a golden dragon
 61694 | Depths:1 | Killed a golden dragon
 61920 | Depths:1 | Reached skill level 26 in Stealth
 63454 | Depths:2 | Noticed a juggernaut
 63456 | Depths:2 | Killed a juggernaut
 63457 | Depths:2 | Reached XP level 23. HP: 138/138 MP: 37/39
 63464 | Depths:2 | Got a coiled granite ring
 63480 | Depths:2 | Identified the ring "Totisada" {+Inv rC+ Will- Dex+6
                  | Slay+5} (You found it on level 2 of the Depths)
 63489 | Depths:2 | Got a shimmering falchion
 63490 | Depths:2 | Identified the +7 falchion of Xodocus {venom, Dex+3} (You
                  | found it on level 2 of the Depths)
 65183 | Depths:3 | Noticed a royal mummy
 65409 | Depths:3 | Killed a royal mummy
 65720 | Depths:4 | Found a gateway to a ziggurat.
 65874 | Depths:4 | Found a radiant altar of Vehumet.
 65874 | Depths:4 | Noticed Frederick
 65879 | Depths:4 | Killed Frederick
 66437 | Depths:4 | Reached skill level 27 in Stealth
 66624 | Depths:4 | Reached skill level 1 in Necromancy
 66904 | Depths:4 | Found a one-way gate to the infinite horrors of the Abyss.
 67048 | Depths:5 | Entered Level 5 of the Depths
 67048 | Depths:5 | Noticed Jory
 67052 | Depths:5 | Killed Jory
 67144 | Depths:4 | HP: 5/140 [purple draconian monk/bolt of dispelling energy
                  | (39)]
 67147 | Depths:4 | Killed from afar by a purple draconian monk

Illustrated notes

Levels and vault maps discovered:
D:1:      dpeg_arrival_orchard, layout_basic
D:2:      layout_loops_ring
D:3:      layout_basic, hangedman_decor_clover_reticule
D:4:      layout_basic, nemelex_altar_shiori, serial_shops, shop,
          nicolae_shop_statue_plus, uniq_menkaure
D:5:      layout_loops_ring, basic_altar, gammafunk_ghost_arena,
          corexii_corridor_pit, supply_closet_lemuel
D:6:      layout_basic, nicolae_overflow_quartered_altars, uniq_prince_ribbit1
D:7:      layout_loops_corners, cheibriados_altar_1,
          chequers_temple_overflow_minitemple, minmay_temple_entry_tees
D:8:      layout_loops_ring, pdpol_wu_jian_five_deadly_venoms
D:9:      layout_rooms, orc_0_dummy
D:10:     layout_loops_ring
D:11:     layout_roguey, lair_entry_dummy, serial_shops, nicolae_shop_crystal,
          fountainhead
D:12:     layout_grid_maze, serial_ice, serial_ice_e, serial_ice_n,
          serial_ice_g, serial_ice_b, serial_ice_k, serial_ice_o,
          portal_ice_cave_demonic_guard, uniq_kirke
D:13:     layout_basic, david_vaults_3, nrook_guardian_serpent_double,
          uniq_jorgrun
D:14:     layout_roguey, grunt_decor_cap, enter_trove_0, nooodl_orcs_dogs
D:15:     hangedman_depths_entry_civil_slaughter, layout_grid_maze,
          minmay_misc_feat_chi, serial_shops, nicolae_shop_stone
Temple:   minmay_temple_curvy_loop
Lair:1:   layout_cave_pods, basic_altar, uniq_nergalle
Lair:2:   minmay_lair_oklob_tunnel, layout_cellular_growth,
          guppyfry_snake_entry_garden, fungi_pond_lemuel
Lair:3:   layout_layer_cave, elwin_shoals_entry_stream, beast_lair_carwin_4,
          grunt_megastairs_3
Lair:4:   layout_regular_city, grunt_megastairs_4
Lair:5:   layout_cellular_growth, grunt_megastairs_1,
          infiniplex_staircase_pool_2
Lair:6:   hangedman_lair_caniforms_friends, layout_layer_cave,
          hangedman_lair_tendril_chambers, minmay_slime_entry_oklob_enclosed,
          nicolae_lair_grove_arrangements
Shoals:1: layout_shoals, serial_shops, shop_fountains, lemuel_centaur_altar
Shoals:2: layout_shoals, argonaut_gorgonesque
Shoals:3: layout_shoals, nicolae_shoals_flooded_hall, uniq_mara
Shoals:4: shoals_end_hangedman, layout_shoals
Snake:1:  layout_onion, gammafunk_ghost_arena, abandoned_shop, uniq_aizul
Snake:2:  nicolae_aizul_guard, layout_basic
Snake:3:  layout_misc_corridors, minmay_shop_grove
Snake:4:  snake_pit_salamanders_mu, layout_cave_pods, serial_shops,
          nicolae_shop_statue_plus
Orc:1:    layout_caves, mines2_david
Orc:2:    pf_orc_diabolical, layout_caves
Elf:1:    elf_arrival_001, layout_loops_corners, minmay_elf_crystal_hexagon
Elf:2:    layout_loops_corners, serial_shops, shop_fountains
Elf:3:    minmay_elf_hall_four_x, layout_geoelf_diagonals,
          ebering_ghost_reflecting_pool, serial_shops, shop,
          nicolae_shop_temple_entry_statues_fountains, shop, shop_scrolls,
          drop_trap
Vaults:1: v_rooms_2, hangedman_vaults_river_flow, grunt_vaults_focal,
          ontoclasm_vaults_claustrophobia, nicolae_vaults_little_squares_1,
          grunt_vaults_swirl, v_misc_28, nicolae_vaults_asterisk, v_misc_12,
          layout_vaults_big_room, basic_altar, serial_shops,
          nicolae_shop_behind_doors, shop
Vaults:2: vaults_room_door_hall, hangedman_vaults_hat,
          nicolae_vaults_network_barrier, hangedman_vaults_trim, serial_ice_b,
          grunt_vaults_twisty, hangedman_vaults_slice,
          vaults_room_stairs_pillars, vaults_room_pools, vaults_room_pools,
          layout_vaults_omnigrid, uniq_nikola, uniq_mennas
Vaults:3: nicolae_vaults_yaktaur_gun_rack, ontoclasm_vaults_eye, v_misc_17,
          v_misc_8, nicolae_vaults_ninety_degrees, nicolae_vaults_murderbox,
          v_misc_22, vaults_room_door_ring, v_misc_33, vaults_dpeg_encased_lava,
          vaults_room_hallway, hangedman_vaults_slither, v_misc_16,
          nicolae_vaults_inception_corners, layout_vaults_omnibox, basic_altar,
          uniq_boris
Vaults:4: dpeg_vaults_monster_row, ontoclasm_vaults_bender,
          vaults_standard_mumra_x, hangedman_vaults_nails,
          vaults_room_stairs_pillars, vaults_room_octagon,
          nicolae_vaults_three_branches, grunt_vaults_bifocal,
          vaults_room_octagon, v_misc_3, vaults_dpeg_diagonal,
          nicolae_vaults_border_crossing, nicolae_vaults_shelves_hall,
          grunt_vaults_hallway_short, layout_vaults_maze_snakey
Depths:1: layout_roguey, grunt_hell_horde, chequers_serial_rivers_large_a,
          mu_enter_wizlab_6, amcnicky_mini_rare_corridor_liquid,
          serial_bayou_pond_c, minmay_evil_grid, firewood_loft, uniq_bai_suzhen
Depths:2: minmay_two_paths, layout_cave_pools, hell_entry, grunt_megastairs_5
Depths:3: lemuel_minitomb, layout_honeycomb, rand_demon_pan_entry_3,
          hangedman_coc_ice_floe, serial_rivers, chequers_serial_rivers_micro_c,
          chequers_serial_rivers_small_a, chequers_serial_rivers_marsh,
          chequers_serial_rivers_micro_d, chequers_serial_rivers_marsh,
          chequers_serial_rivers_micro_e, serial_shops, statue_bzr
Depths:4: evilmike_halls_of_destruction, layout_gridlike, enter_ziggurat_c,
          pf_hell_entry_tar_spiral, roderic_st_hans_cross, abyss_entry,
          rand_demon_pan_entry_4
Depths:5: evilmike_zot_entry_diamond, layout_cross,
          serial_sigils_hangedman_leer, abyss_entry, hell_entry, uniq_jory,
          uniq_enchantress

Skill      XL: |  1  2  3  4  5  6  7  8  9 10 11 12 13 14 15 16 17 18 19 20 21 22 23 |
---------------+----------------------------------------------------------------------+-----
Stealth        | 5 6 8 9 10 12 13 15 16 18 19 20 21 22 23 24 25 26 27 | 27.0
Dodging        | 3 4 5 6 7 8 10 11 12 13 14 15 16 17 18 19 20 22 | 22.1
Hexes          | 5 6 7 8 10 11 12 14 15 16 17 19 20 21 22 23 24 25 | 25.3
Short Blades   | 2 3 4 5 7 8 9 10 11 13 14 15 16 18 19 21 22 | 22.2
Fighting       | 1 2 3 4 5 6 7 8 9 10 11 12 13 | 13.1
Spellcasting   | 3 4 5 6 7 8 9 10 11 12 13 | 13.2
Necromancy     | 2 |  2.6

Action                   |  1- 3 |  4- 6 |  7- 9 | 10-12 | 13-15 | 16-18 | 19-21 | 22-24 || total
-------------------------+-------+-------+-------+-------+-------+-------+-------+-------++-------
Melee: Dagger            |    94 |   137 |   419 |   679 |  1633 |  1198 |   633 |   391 ||  5184
       Bite              |     4 |     9 |    51 |    99 |   183 |   126 |   165 |    67 ||   704
       Quick blade       |       |       |       |       |       |       |   574 |   133 ||   707
       Falchion          |       |       |       |       |       |       |     8 |       ||     8
 Cast: Corona            |     1 |     2 |     1 |       |    30 |    24 |    14 |     4 ||    76
       Ensorcelled Hiber |       |    25 |    36 |    73 |    72 |   189 |   173 |    59 ||   627
       Confusing Touch   |       |     1 |    22 |    51 |   244 |    82 |    49 |    56 ||   505
       Tukima's Dance    |       |       |     9 |       |     1 |     2 |       |       ||    12
       Dazzling Flash    |       |       |       |    31 |    97 |   136 |   186 |    84 ||   534
       Leda's Liquefacti |       |       |       |       |     7 |    21 |     4 |       ||    32
       Cause Fear        |       |       |       |       |     1 |       |     4 |       ||     5
       Slow              |       |       |       |       |     1 |       |       |       ||     1
       Yara's Violent Un |       |       |       |       |       |    17 |     3 |       ||    20
       Metabolic Englaci |       |       |       |       |       |     1 |       |       ||     1
       Discord           |       |       |       |       |       |       |    13 |     4 ||    17
       Fulminant Prism   |       |       |       |       |       |       |     6 |     2 ||     8
       Invisibility      |       |       |       |       |       |       |     3 |       ||     3
Invok: Shadow Step       |       |       |       |     1 |       |       |     1 |       ||     2
       Shadow Form       |       |       |       |       |       |     1 |       |       ||     1
 Abil: Exsanguinate      |     1 |       |       |       |       |       |       |       ||     1
       End Transformatio |       |       |     1 |       |       |       |       |       ||     1
       Bat Form          |       |       |     1 |       |       |       |       |       ||     1
Evoke: Wand              |       |       |       |    26 |     8 |     1 |     3 |     1 ||    39
  Use: Scroll            |     3 |     5 |    11 |     3 |    23 |     9 |    15 |     6 ||    75
       Potion            |       |       |       |     2 |     3 |     5 |     8 |     1 ||    19
 Stab: Sleeping          |    34 |    24 |    47 |    81 |   144 |   181 |   242 |   147 ||   900
       Confused          |       |     2 |    21 |    49 |   232 |    65 |    43 |    60 ||   472
       Distracted        |       |     1 |     1 |     1 |    12 |     5 |     5 |     5 ||    30
       Invisible         |       |       |       |    17 |   101 |   132 |   128 |    47 ||   425
Armor: Robe              |    23 |    16 |    25 |       |    25 |   125 |    42 |    14 ||   270
       Steam dragon scal |       |       |       |    43 |   145 |       |       |       ||   188
Dodge: Dodged            |    55 |    70 |   236 |   326 |  1258 |  1142 |   592 |   378 ||  4057
Block: Other             |     4 |    18 |    67 |    81 |   244 |   224 |   127 |    67 ||   832
       Reflection        |       |     1 |     5 |     2 |     8 |    10 |    16 |     9 ||    51
       Rpst.: Falchion   |       |       |       |       |       |       |     1 |       ||     1
